 Dungeon Crawl Stone Soup version 0.25.0-37-gb73750e0fb (webtiles) character file.

Game seed: 17419495768876870995

61 manif the Skirmisher (level 3, 0/34 HPs)
             Began as a Minotaur Fighter on July 9, 2020.
             Slain by a gnoll
             ... wielding a +0 halberd
              (6 damage)
             ... on level 2 of the Dungeon.
             The game lasted 00:03:57 (1137 turns).

manif the Skirmisher (Minotaur Fighter)             Turns: 1137, Time: 00:03:58

Health: 0/34       AC:  7    Str: 21    XL:     3   Next: 83%
Magic:  2/2        EV:  7    Int:  5    God:
Gold:   117        SH:  9    Dex:  9    Spells: 2/2 levels left

rFire    . . .     SeeInvis .   a - +0 long sword
rCold    . . .     Gourm    .   c - +0 kite shield
rNeg     . . .     Faith    .   b - +0 scale mail
rPois    .         Spirit   .   (helmet restricted)
rElec    .         Reflect  .   (no cloak)
rCorr    .         Harm     .   (no gloves)
MR       .....                  (no boots)
Stlth    ..........             (no amulet)
HPRegen  0.11/turn              (no ring)
MPRegen  0.08/turn              (no ring)

@: no status effects
A: retaliatory headbutt, horns 2
a: no special abilities


You were on level 2 of the Dungeon.
You were not hungry.

You visited 1 branch of the dungeon, and saw 2 of its levels.

You collected 117 gold pieces.

Inventory:

Hand Weapons
 a - a +0 long sword (weapon)
Armour
 b - a +0 scale mail (worn)
 c - a +0 kite shield (worn)
Scrolls
 e - a scroll of enchant armour {unknown}
 g - 2 scrolls of teleportation {unknown}
 h - 2 scrolls of identify {unknown}
 n - a scroll of remove curse {unknown}
Potions
 d - a potion of might
 i - a potion of curing {unknown}
 j - a potion of lignification {unknown}
 k - a potion of invisibility {unknown}
 m - a potion of degeneration {unknown}
 o - a potion of flight {unknown}
Comestibles
 f - 6 rations
 l - 7 chunks of flesh


   Skills:
 + Level 4.6 Fighting
 + Level 3.4 Long Blades
 - Level 3.8 Armour
 - Level 4.1 Shields


You had 2 spell levels left.
You didn't know any spells.
Your spell library was empty.

Dungeon Overview and Level Annotations

Branches:
Dungeon (2/15)

Altars:
Elyvilon
Sif Muna


Innate Abilities, Weirdness & Mutations

You reflexively headbutt those who attack you in melee.
You have a pair of horns on your head.


Message History

You miss the leopard gecko.
The leopard gecko bites you but does no damage.
The gnoll hits you from afar with a +0 halberd.
* * * LOW HITPOINT WARNING * * *
The leopard gecko bites you but does no damage.
You closely miss the leopard gecko. The leopard gecko barely misses you.
You furiously retaliate!
You headbutt the leopard gecko!
You kill the leopard gecko!
You block the gnoll's attack. You block the gnoll's attack.
You hit the gnoll.
The gnoll is heavily wounded.
You barely miss the gnoll.
The gnoll is heavily wounded.
The gnoll hits you but does no damage. You block the gnoll's attack.
You closely miss the gnoll. You headbutt the gnoll.
The gnoll is severely wounded.
The gnoll hits you but does no damage. You block the gnoll's attack.
The gnoll hits you with a +0 halberd.
You die...

##..##'## #.....#
##########.#####
#....gJ†...#
#.########## #.#
#J#
#g#################
#g@................
#.#################
#.# ###


You could see 2 gnolls and an ooze.

Vanquished Creatures
  2 gnolls (D:2)
  An ooze (D:2)
  A worm (D:2)
  A leopard gecko (D:2)
  6 bats
  A giant cockroach (D:1)
  4 goblins
  4 hobgoblins
  4 jackals (D:1)
  2 kobolds (D:1)
  A quokka (D:2)
  3 frilled lizards (D:2)
  3 rats
33 creatures vanquished.

Notes
Turn   | Place    | Note
-------+----------+-------------------------------------------
     0 | D:1      | manif the Minotaur Fighter began the quest for the Orb.
     0 | D:1      | Reached XP level 1. HP: 19/19 MP: 0/0
   203 | D:1      | Reached XP level 2. HP: 25/27 MP: 1/1
   825 | D:2      | Found a white marble altar of Elyvilon.
   825 | D:2      | Found a shimmering blue altar of Sif Muna.
   967 | D:2      | Reached XP level 3. HP: 33/33 MP: 2/2
  1064 | D:2      | HP: 1/34 [gnoll (2)]
  1137 | D:2      | Slain by a gnoll

Illustrated notes

Levels and vault maps discovered:
D:1:      elethiomel_arrival_shortcut, layout_basic
D:2:      layout_basic, gammafunk_temple_overflow_statue, first_ration,
          serial_glass, glass_columns_a, glass_columns_b,
          minmay_strange_pillars, feat_on_display, feat_on_display,
          minmay_strange_pillars

Skill      XL: |  1  2  3 |
---------------+----------+-----
Shields        | 4 |  4.1
Fighting       | 4 |  4.6
Long Blades    | 3 |  3.4
Armour         | |  3.8

Action                   || total
-------------------------++-------
Melee: Long sword        ||    87
       Headbutt          ||     7
  Eat: Chunk             ||     1
Armor: Scale mail        ||    45
Dodge: Dodged            ||    22
Block: Kite shield       ||    49
       Rpst.: Long sword ||     8
